 Dungeon Crawl Stone Soup version 0.27-a0-287-gd4424db430 (webtiles) character file.

Game seed: 16550614938471690089

116 Anon1729 the Vexing (level 4, 0/38 HPs)
             Began as a Palentonga Wanderer on Feb 8, 2021.
             Slain by a quasit (2 damage)
             ... on level 2 of the Dungeon.
             The game lasted 00:05:36 (4056 turns).

Anon1729 the Vexing (Palentonga Wanderer)           Turns: 4056, Time: 00:05:38

Health: 0/38       AC:  5    Str: 16    XL:     4   Next: 70%
Magic:  1/1        EV:  1    Int: 15    God:
Gold:   105        SH:  0    Dex: -19 (7) Spells: 3/3 levels left

rFire    . . .     SeeInvis +   q - +1 short sword (antimagic)
rCold    . . .     Faith    .   d - +0 kite shield
rNeg     . . .     Spirit   .   c - +0 robe
rPois    .         Reflect  .   (no helmet)
rElec    .         Harm     .   f - +0 cloak
rCorr    .         Rampage  .   (no gloves)
Will     .....                  (no barding)
Stlth    ..........             (no amulet)
HPRegen  0.12/turn              (no ring)
MPRegen  0.07/turn              (no ring)

@: slowed, lost dexterity, very slow
A: large, rugged brown scales 3, see invisible, deformed body, roll 1, armoured
tail
a: Rolling Charge


You were on level 2 of the Dungeon.
You visited 1 branch of the dungeon, and saw 3 of its levels.

You collected 105 gold pieces.

Inventory:

Hand Weapons
 a - a +0 club
 p - a +1 dagger of freezing
 q - a +1 antimagic short sword (weapon)
Armour
 c - a +0 robe (worn)
 d - a +0 kite shield (worn)
 f - a +0 cloak (worn)
Scrolls
 e - 2 scrolls of teleportation {unknown}
 g - 3 scrolls of fear
 i - a scroll of enchant weapon {unknown}
 l - a scroll of magic mapping {unknown}
 m - 2 scrolls of identify {unknown}
 r - a scroll of immolation {unknown}
Potions
 k - a potion of flight


   Skills:
 + Level 1.7 Fighting
 - Level 0.4(1.1) Maces & Flails
 + Level 1.7 Staves
 - Level 1.6 Bows
 - Level 1.0 Armour
 - Level 1.0 Stealth
 - Level 1.0 Shields
 + Level 3.8 Hexes
 + Level 2.9 Necromancy


You had 3 spell levels left.
You didn't know any spells.
Your spell library was empty.

Dungeon Overview and Level Annotations

Branches:
Dungeon (3/15)

Altars:


Innate Abilities, Weirdness & Mutations

You are completely covered in rugged brown scales. (AC +3, +7% HP)
You have supernaturally acute eyesight. (SInv)
Armour fits poorly on your strangely shaped body.
You can roll at nearby foes to attack.
You have a long armoured tail.


Message History

The quasit claws you.
* * * LOW HITPOINT WARNING * * *
You feel clumsy. The quasit claws you.
* * * LOW HITPOINT WARNING * * *
You feel clumsy.
The quasit bites you but does no damage.
The quasit claws you but does no damage.
The quasit claws you.
* * * LOW HITPOINT WARNING * * *
You feel clumsy.
You aren't carrying any items that you can evoke.
Okay, then.
As you read the scroll labelled KIRCHI BATZIGA, it crumbles to dust.
You assume a fearsome visage.
The quasit is unaffected.
It was a scroll of fear.
The quasit bites you but does no damage.
The quasit claws you but does no damage. x2
The quasit bites you.
You die...

........#..#.# ######
........#..#.# #....# ###
############.#######....#######..
....##.............'....'..(..'..
....##.#####.....###....#######..
....##.#.........# #....# #..
######.#.###.....# #....#######..
#.#.# #....5# #....##..)....
######.#.###....@# #....##.......
.......#.........# #....##.......
######.######....# #....##.......
....##......'....# #.[5<##.......
###.##.######....# #######.......
.....[..........## ########
..#.##.########.#
..#.##.#.....##.#########
..#.##.#.#.........รท....#


You could see a quasit.

Vanquished Creatures
  An orc priest (D:3)
  Terence (D:2)
  2 adders (D:2)
  2 worms (D:2)
  2 dart slugs
  A leopard gecko (D:1)
  3 orcs
  A bat (D:1)
  3 goblins
  4 hobgoblins
  A quokka (D:2)
  3 frilled lizards
  7 kobolds
  5 rats
36 creatures vanquished.

Notes
Turn   | Place    | Note
-------+----------+-------------------------------------------
     0 | D:1      | Anon1729 the Palentonga Wanderer began the quest for the
                  | Orb.
     0 | D:1      | Anon1729 set off with the following items: a +0 club, a
                  | potion of lignification, a +0 robe, a +0 kite shield
     0 | D:1      | Reached XP level 1. HP: 14/14 MP: 1/1
   700 | D:1      | Reached XP level 2. HP: 21/21 MP: 2/2
  1967 | D:2      | Noticed Terence
  1985 | D:1      | Reached XP level 3. HP: 9/28 MP: 3/3
  2522 | D:2      | Reached skill level 1 in Fighting
  2786 | D:2      | Reached skill level 1 in Staves
  3099 | D:2      | Killed Terence
  3100 | D:2      | Reached XP level 4. HP: 15/37 MP: 1/4
  3793 | D:3      | Lost dexterity.
  4055 | D:2      | HP: 1/38 [quasit (2)]
  4056 | D:2      | Slain by a quasit

Illustrated notes

Levels and vault maps discovered:
D:1:      lightli_arrival_lavapool, layout_basic, hangedman_decor_diamond_cutter
D:2:      layout_basic, uniq_terence
D:3:      minmay_octagon_keep, layout_rooms, nicolae_qazlal_style_of_elements,
          overflow_temple_1_default, marbit_many_paths, minmay_misc_feat_iff

Skill      XL: |  1  2  3 |
---------------+----------+-----
Fighting       | 1 |  1.7
Staves         | 1 |  1.7
Maces & Flails | |  0.4
Bows           | |  1.6
Armour         | |  1.0
Stealth        | |  1.0
Shields        | |  1.0
Hexes          | |  3.8
Necromancy     | |  2.9

Action                   |  1- 3 |  4- 6 || total
-------------------------+-------+-------++-------
Melee: Club              |    88 |       ||    88
       Tailslap          |    13 |     5 ||    18
       Short sword       |    40 |    93 ||   133
 Abil: Rolling Charge    |     1 |       ||     1
  Use: Potion            |       |     6 ||     6
       Scroll            |       |     1 ||     1
 Stab: Sleeping          |     2 |       ||     2
Armor: Robe              |    45 |   155 ||   200
       Skin              |       |   101 ||   101
Dodge: Dodged            |    36 |    40 ||    76
Block: Kite shield       |    46 |    25 ||    71

Table legend: (Time is in decaauts)
 A = Elapsed time spent in this place.
 B = Non-inter-level travel time spent in this place.
 C = Inter-level travel time spent in this place.
 D = Time resting spent in this place.
 E = Time spent auto-exploring this place.
 F = Levels seen in this place.
 G = Mean time per level.
                   A        B        C        D        E       F      G
               +--------+--------+--------+--------+--------+-----+--------+
         Total |   4281 |   4110 |    171 |   1108 |   2416 |   3 | 1427.0 |
       Dungeon |   4281 |   4110 |    171 |   1108 |   2416 |   3 | 1427.0 |
               +--------+--------+--------+--------+--------+-----+--------+

Top non-repeatable levels by time:
     D:2: 2041 daAuts
     D:1: 2037 daAuts
     D:3: 202 daAuts
